 Dungeon Crawl Stone Soup version 0.30-a0-250-g41c1d76940 (webtiles) character file.

Game seed: 5256573502120797877

302 Iusername the Trooper (level 6, -4/56 HPs)
             Began as a Minotaur Fighter on Oct 12, 2022.
             Killed by nerve-wracking pain
             ... invoked by Grinder
              (11 damage)
             ... on level 3 of the Dungeon.
             The game lasted 00:02:23 (1769 turns).

Iusername the Trooper (Minotaur Fighter)            Turns: 1769, Time: 00:02:24

Health: -4/56      AC:  7    Str: 23    XL:     6   Next: 14%
Magic:  5/5        EV:  9    Int:  5    God:
Gold:   76         SH:  4    Dex:  9    Spells: 5/5 levels left

rFire   . . .      SeeInvis .    a - +0 war axe
rCold   . . .      Faith    .    c - +0 buckler
rNeg    . . .      Spirit   .    b - +0 scale mail
rPois   .          Reflect  .    (helmet restricted)
rElec   .          Harm     .    (no cloak)
rCorr   .          Rampage  .    (no gloves)
Will    .....                    (no boots)
Stlth   ..........               (no amulet)
HPRegen 0.29/turn                (no ring)
MPRegen 0.09/turn                (no ring)

@: mighty
A: horns 2, retaliatory headbutt
a: no special abilities


You were on level 3 of the Dungeon.
You visited 1 branch of the dungeon, and saw 3 of its levels.

You collected 76 gold pieces.

Inventory:

Hand Weapons
 a - a +0 war axe (weapon)
Armour
 b - a +0 scale mail (worn)
 c - a +0 buckler (worn)
Wands
 n - a wand of mindburst (6) (quivered)
 p - a wand of flame (1)
Scrolls
 f - 2 scrolls of vulnerability {unknown}
 g - 3 scrolls of identify {unknown}
 h - 2 scrolls of blinking {unknown}
 i - a scroll of butterflies {unknown}
 m - a scroll of fear {unknown}
Potions
 d - a potion of might
 e - a potion of curing {unknown}
 j - a potion of ambrosia {unknown}
 k - a potion of brilliance {unknown}
 l - 2 potions of berserk rage {unknown}
 o - a potion of attraction {unknown}


   Skills:
 + Level 5.2 Fighting
 + Level 4.4 Axes
 + Level 5.2 Armour
 + Level 5.1 Shields


You had 5 spell levels left.
You didn't know any spells.
Your spell library contained the following spells:

 Spells                   Type           Power      Damage    Failure   Level
 Ensorcelled Hibernation  Hex/Ice        0%         N/A       94%         2
 Passwall                 Tmut/Erth      0%         N/A       94%         2
 Swiftness                Air            0%         N/A       99%         3


Dungeon Overview and Level Annotations

Branches:
Dungeon (3/15)

Altars:
Makhleb
Vehumet

Shops:
D:2 :

Annotations:
D:3 Grinder


Innate Abilities, Weirdness & Mutations

You have a pair of horns on your head.
You reflexively headbutt those who attack you in melee.


Message History

Terence is moderately wounded.
You block Terence's attack. The gnoll completely misses you.
You closely miss Terence. You headbutt Terence!
Terence is severely wounded.
Terence closely misses you. The gnoll completely misses you.
You slash Terence!
You kill Terence!
The gnoll closely misses you. The gnoll hits you but does no damage.
You have reached level 6!
You are too injured to fight recklessly!
Unknown command.
You are too injured to fight recklessly!
Unknown command.
You are too injured to fight recklessly!
Unknown command.
You closely miss the gnoll.
The gnoll is heavily wounded.
The gnoll closely misses you. You block the gnoll's attack.
The gnoll hits you but does no damage.
You slash the gnoll!
You kill the gnoll!
The gnoll hits you from afar with a +0 spear. x2
You slash the gnoll!
You kill the gnoll!
The gnoll hits you from afar with a +0 spear.
Grinder blinks!
The gnoll closely misses you. The gnoll barely misses you.
The gnoll hits you but does no damage. The gnoll hits you with a +0 spear.
* * * LOW HITPOINT WARNING * * *
The gnoll hits you with a +0 spear.
* * * LOW HITPOINT WARNING * * *
Items here: ))) [ †.
You are too injured to fight recklessly!
The gnoll attacks as you move away! The gnoll hits you with a +0 spear.
* * * LOW HITPOINT WARNING * * *
The gnoll hits you from afar with a +0 spear.
* * * LOW HITPOINT WARNING * * *
Grinder gestures at you. Pain shoots through your body!
You die...

#.........# .
#[........# ..
#......... ###
#....5...###
#.......##.##
#.......#_..####
#...g.g.#....'.# #
#)# #_..##.# ##
#@####.###.######.
##.##.###[.......<.
#........##########
#....##.#########.†
#....##.##....#...#
#....##.##......###
#....##..#....### #
#....###......#####
..#######.....#....


You could see Grinder (resistant) and 2 gnolls.

Vanquished Creatures
  Sigmund (D:2)
  A crimson imp (D:3)
  Terence (D:3)
  2 gnolls (D:3)
  An adder (D:3)
  3 dart slugs (D:1)
  2 bats
  6 endoplasms
  3 giant cockroaches
  4 hobgoblins
  4 jackals (D:2)
  A quokka (D:1)
  2 ball pythons
  7 frilled lizards
  6 goblins
  2 kobolds
  5 rats
51 creatures vanquished.

Notes
Turn   | Place    | Note
-------+----------+-------------------------------------------
     0 | D:1      | Iusername the Minotaur Fighter began the quest for the Orb.
     0 | D:1      | Reached XP level 1. HP: 19/19 MP: 0/0
   119 | D:1      | Reached XP level 2. HP: 27/27 MP: 1/1
   649 | D:2      | Reached XP level 3. HP: 33/33 MP: 2/2
   853 | D:2      | Noticed Sigmund
   860 | D:2      | Killed Sigmund
   861 | D:2      | Reached XP level 4. HP: 16/41 MP: 3/3
   861 | D:2      | Reached XP level 5. HP: 19/47 MP: 4/4
  1236 | D:2      | Found Efull's Book Shop.
  1638 | D:3      | Reached skill level 5 in Fighting
  1683 | D:3      | Reached skill level 5 in Armour
  1726 | D:3      | Found a radiant altar of Vehumet.
  1727 | D:3      | Found a burning altar of Makhleb.
  1731 | D:3      | Reached skill level 5 in Shields
  1752 | D:3      | Noticed Grinder
  1753 | D:3      | Paralysed by Grinder for 2 turns
  1755 | D:3      | Noticed Terence
  1764 | D:3      | Killed Terence
  1765 | D:3      | Reached XP level 6. HP: 25/56 MP: 5/5
  1769 | D:3      | Killed from afar by Grinder

Illustrated notes

Levels and vault maps discovered:
D:1:      lemuel_arrival_behind_the_door_small, layout_loops_cross
D:2:      layout_basic, serial_shops, shop, uniq_sigmund
D:3:      layout_rooms, grunt_temple_overflow_lords_of_destruction,
          portal_sewer_entry_e, uniq_crazy_yiuf_cottage, uniq_grinder,
          uniq_terence

Skill      XL: |  1  2  3  4  5 |
---------------+----------------+-----
Fighting       | 4 5 |  5.2
Armour         | 4 5 |  5.2
Shields        | 4 5 |  5.1
Axes           | 3 4 |  4.4

Action                   |  1- 3 |  4- 6 || total
-------------------------+-------+-------++-------
Melee: War axe           |    68 |    38 ||   106
       Headbutt          |     5 |     7 ||    12
  Use: Potion            |       |     1 ||     1
Armor: Scale mail        |    27 |    13 ||    40
Dodge: Dodged            |    25 |    24 ||    49
Block: Buckler           |    16 |    11 ||    27

Table legend: (Time is in decaauts)
 A = Elapsed time spent in this place.
 B = Non-inter-level travel time spent in this place.
 C = Inter-level travel time spent in this place.
 D = Time resting spent in this place.
 E = Time spent auto-exploring this place.
 F = Levels seen in this place.
 G = Mean time per level.
                   A        B        C        D        E       F      G
               +--------+--------+--------+--------+--------+-----+--------+
         Total |   1808 |   1745 |     63 |    304 |   1142 |   3 |  602.7 |
       Dungeon |   1808 |   1745 |     63 |    304 |   1142 |   3 |  602.7 |
               +--------+--------+--------+--------+--------+-----+--------+

Top non-repeatable levels by time:
     D:2: 951 daAuts
     D:1: 623 daAuts
     D:3: 233 daAuts
